Map: Rhoskallian LE

Players

qqq

  • Race: Protoss Protoss
  • Spawn Location: 12:00

Massa

  • Race: Terran Terran
  • League: Platinum
  • Spawn Location: 11:00

FreeZ - Winner!

  • Race: Terran Terran
  • Spawn Location: 6:00

Chanyeol - Winner!

  • Race: Terran Terran
  • Spawn Location: 5:00

VOD

Have the link to the VOD?

Description

Time

  • Played on: Oct. 9, 2020, 2:52 p.m.
  • Length: 8:53
Show
View Real Time Build Order
Export as new Build Order

qqq Protoss 

Build Orders: Phoenix Opening 

Get SALT Encoding   

  12  0:02  Probe  
  13  0:14  Probe  
  14  0:22  Pylon  
  14  0:26  Probe  
  15  0:40  Probe  
  16  0:44  Pylon  
  16  0:46  Gateway  
  16  0:52  Probe  
  17  1:05  Probe  
  18  1:14  Assimilator  
  18  1:17  Probe  
  19  1:22  Pylon  
  19  1:29  Probe  
  20  1:41  Probe, Cybernetics Core  
  21  1:53  Probe  
  22  2:05  Probe  
  22  2:08  Nexus, Assimilator  
  23  2:17  Probe  
  25  2:30  Probe, Stalker (Chrono Boost)  
  27  2:43  Probe  
  28  2:51  Stalker (Chrono Boost)  
  28  2:55  Probe  
  31  3:02  Stargate  
  31  3:07  Probe (Chrono Boost)  
  32  3:19  Probe (Chrono Boost)  
  33  3:24  Probe (Chrono Boost)  
  33  3:25  Probe (Chrono Boost)  
  35  3:31  Stargate  
  35  3:32  Probe  
  35  3:34  Probe  
  37  3:42  Assimilator  
  37  3:44  Probe  
  37  3:46  Probe  
  37  3:48  Assimilator  
  39  3:49  Phoenix  
  41  3:56  Probe  
  41  3:58  Probe  
  43  4:08  Probe (Chrono Boost)  
  44  4:14  Phoenix  
  44  4:16  Probe (Chrono Boost)  
  47  4:19  Probe (Chrono Boost)  
  47  4:20  Phoenix  
  47  4:23  Probe x2 (Chrono Boost)  
  52  4:31  Forge  
  52  4:33  Pylon  
  52  4:35  Probe  
  53  4:47  Probe  
  54  4:54  Phoenix  
  56  5:01  Nexus  
  56  5:03  Pylon, Fleet Beacon  
  56  5:05  Pylon  
  56  5:06  Pylon  
  56  5:13  Phoenix  
  54  5:47  Phoenix x2  
  58  5:51  Photon Cannon  
  58  5:53  Photon Cannon  
  58  5:55  Photon Cannon  
  58  5:57  Photon Cannon  
  58  5:59  Shield Battery  
  58  6:01  Shield Battery  
  58  6:02  Pylon  
  58  6:13  Carrier  
  64  6:24  Probe  
  65  6:26  Photon Cannon  
  65  6:27  Shield Battery  
  65  6:28  Photon Cannon  
  65  6:34  Tempest  
  65  6:37  Probe  
  71  6:49  Probe  
  66  7:32  Robotics Facility  
  66  7:39  Pylon x2  
  66  7:47  Nexus  
  66  7:48  Pylon  
  66  7:50  Pylon  
  74  8:51  Robotics Bay  
Show
View Real Time Build Order
Export as new Build Order

Massa Terran 

Build Orders:  

Get SALT Encoding   

  12  0:00  SCV  
  13  0:12  SCV  
  14  0:22  Supply Depot  
  14  0:24  SCV  
  15  0:31  Refinery  
  15  0:44  SCV  
  15  0:46  Barracks  
  16  0:56  SCV  
  17  1:10  SCV  
  18  1:14  Barracks  
  18  1:17  Refinery  
  18  1:25  SCV  
  19  1:34  Reaper  
  20  1:43  SCV  
  20  1:45  Supply Depot  
  21  1:56  SCV  
  22  2:03  Reaper, Supply Depot  
  22  2:07  Reaper  
  24  2:19  Orbital Command  
  24  2:35  Reaper  
  25  2:39  Reaper  
  26  2:46  Command Center  
  26  2:52  SCV  
  27  3:04  Engineering Bay  
  27  3:05  SCV  
  28  3:14  Barracks Reactor  
  28  3:19  Factory  
  28  3:23  SCV  
  29  3:35  SCV  
  26  4:32  Barracks Tech Lab  
  26  4:33  Marine x2  
  26  4:35  Orbital Command  
  26  4:36  SCV  
  26  4:38  Factory Tech Lab  
  29  4:40  Command Center  
  29  4:41  Barracks  
  29  4:43  Barracks  
  29  4:46  Starport  
  29  4:48  SCV  
  29  4:50  Marine x2, Missile Turret  
  32  4:57  Terran Infantry Weapons Level 1  
  32  5:00  SCV  
  32  5:04  SCV  
  34  5:08  Marine  
  34  5:10  Marine  
  34  5:12  SCV, Marine  
  38  5:17  Siege Tank  
  41  5:24  SCV  
  41  5:26  Marine  
  42  5:42  Stimpack  
  42  5:44  Barracks Reactor  
  42  5:47  Barracks Reactor  
  42  5:49  Siege Tank  
  45  5:51  Marauder, Marine x2  
  49  6:09  Marine x2  
  49  6:10  SCV  
  52  6:11  SCV  
  52  6:12  Marine  
  52  6:15  Orbital Command  
  54  6:22  SCV  
  54  6:23  SCV  
  56  6:26  Marine x5  
  56  6:27  Marine  
  56  6:30  Marauder  
  64  6:35  SCV x2  
  66  6:40  Refinery  
  66  6:41  Medivac  
  66  6:42  Refinery  
  66  6:43  SCV  
  69  7:07  Supply Depot x2  
  69  7:08  Supply Depot  
  69  7:17  SCV, Marine  
  69  7:18  SCV, Marine x5  
  69  7:19  SCV  
  69  7:20  Marauder  
  62  7:26  Siege Tank  
  54  7:30  SCV  
  54  7:31  Supply Depot x2  
  54  7:32  SCV x2  
  54  7:35  Marine x2  
  54  7:36  Marine x4, Supply Depot  
  63  7:42  SCV, Marauder  
  62  7:53  Marine x2  
  62  7:54  Marine  
  62  7:58  Siege Tank  
  60  8:10  Marine  
  60  8:11  Marine x2  
  60  8:12  Marine  
  52  8:28  Marine  
  52  8:29  Marine x2  
  52  8:30  Marine  
  52  8:53  Barracks x2  
Show
View Real Time Build Order
Export as new Build Order

FreeZ Terran - Winner!

Build Orders: Reaper Expand 

Get SALT Encoding   

  12  0:00  SCV  
  13  0:12  SCV  
  14  0:18  Supply Depot  
  14  0:25  SCV  
  15  0:40  SCV, Barracks  
  16  0:45  Refinery  
  16  0:52  SCV  
  17  1:04  SCV  
  18  1:16  SCV  
  19  1:27  Reaper  
  19  1:28  Orbital Command  
  20  1:46  Command Center  
  20  1:57  SCV  
  20  1:59  Barracks Reactor  
  21  2:09  Barracks  
  21  2:11  SCV  
  21  2:23  SCV  
  21  2:24  Refinery  
  21  2:26  Factory  
  22  2:36  SCV  
  23  2:38  Supply Depot  
  23  2:56  Barracks Tech Lab  
  23  2:57  Marine x2  
  23  2:58  SCV, Orbital Command  
  26  3:10  SCV  
  26  3:12  Starport  
  27  3:15  Factory Reactor  
  27  3:23  SCV  
  27  3:24  SCV  
  29  3:27  Stimpack  
  29  3:29  Marine  
  29  3:30  Marine  
  31  3:37  Marauder  
  31  3:38  SCV  
  31  3:40  SCV  
  34  3:49  Marine x2  
  34  4:01  SCV x2  
  34  4:09  Marine  
  35  4:11  Medivac  
  35  4:13  SCV x2  
  39  4:20  Marine  
  39  4:21  Marauder  
  42  4:25  SCV x2  
  42  4:29  Marine  
  45  4:37  SCV  
  46  4:43  Supply Depot  
  46  4:44  Supply Depot  
  46  5:02  Refinery  
  46  5:03  Refinery  
  46  5:05  SCV x2, Marauder, Marine x2, Medivac  
  54  5:15  Combat Shield  
  54  5:17  SCV  
  54  5:19  SCV  
  56  5:30  Command Center  
  56  5:35  Medivac  
  58  5:37  Marauder, Marine x2, Medivac  
  62  5:44  SCV  
  62  5:46  Supply Depot  
  62  5:47  Supply Depot  
  62  5:59  Barracks  
  62  6:01  Supply Depot  
  62  6:06  Barracks  
  62  6:08  SCV x2, Marine x2  
  62  6:11  Marauder  
  68  6:16  Medivac  
  70  6:20  SCV x2  
  70  6:23  Medivac  
  70  6:24  Supply Depot  
  74  6:29  Supply Depot  
  74  6:31  Marine x2  
  74  6:32  SCV x2  
  78  6:35  Marauder  
  80  6:44  SCV x2  
  82  6:49  Marine  
  82  6:52  Marine  
  82  6:54  Barracks Reactor  
  83  6:55  Barracks Reactor  
  83  6:56  SCV, Marauder, Supply Depot  
  83  6:58  Supply Depot  
  86  7:01  SCV  
  86  7:05  Supply Depot  
  86  7:08  SCV, Marine  
  86  7:12  Marine  
  86  7:13  Concussive Shells  
  86  7:14  SCV  
  86  7:15  Medivac  
  89  7:18  Marauder  
  91  7:32  SCV x2  
  91  7:33  Orbital Command  
  91  7:36  Marine x2  
  91  7:37  Marine x4  
  95  7:39  Marauder, Medivac  
  103  7:44  SCV x2  
  103  7:45  Medivac  
  107  7:58  Marine x6  
  108  8:01  Marauder  
  107  8:09  Medivac  
  104  8:15  Marine x2, Medivac  
  105  8:21  Marine x4  
  105  8:22  Marauder  
  104  8:28  SCV x2  
  104  8:30  Supply Depot  
  104  8:33  Marine x2  
  103  8:35  Barracks  
  105  8:46  Engineering Bay  
  105  8:48  Engineering Bay  
Show
View Real Time Build Order
Export as new Build Order

Chanyeol Terran - Winner!

Build Orders:  

Get SALT Encoding   

  12  0:00  SCV  
  13  0:15  Supply Depot  
  13  0:18  SCV  
  14  0:30  SCV  
  15  0:38  Barracks  
  15  0:42  SCV  
  16  0:47  Refinery  
  16  0:55  SCV  
  17  1:07  SCV  
  18  1:12  Supply Depot  
  18  1:20  SCV  
  19  1:31  Barracks Reactor  
  19  1:32  Orbital Command  
  19  1:56  Command Center  
  19  1:59  SCV  
  20  2:07  Marine  
  22  2:14  Factory  
  22  2:15  Marine  
  21  2:22  SCV  
  23  2:34  Marine x2  
  25  2:41  Barracks  
  25  2:46  Barracks  
  25  2:54  Marine x2  
  27  2:59  Factory Tech Lab  
  27  3:09  Orbital Command  
  27  3:11  SCV  
  28  3:14  Marine x2  
  30  3:22  Starport  
  30  3:23  SCV  
  31  3:30  Barracks Tech Lab  
  31  3:33  Barracks Reactor  
  31  3:40  Marine x2  
  33  3:43  SCV  
  33  3:46  SCV  
  35  3:56  SCV  
  35  3:57  Marine  
  35  3:58  Marine  
  38  4:05  Stimpack  
  38  4:09  Marine x3  
  40  4:15  Marine x2  
  43  4:19  Refinery  
  43  4:20  SCV  
  43  4:22  SCV  
  45  4:27  Marine  
  46  4:50  Supply Depot  
  46  4:54  Supply Depot  
  46  4:56  SCV x2, Marine x5  
  53  5:08  SCV  
  53  5:11  Medivac, Siege Tank  
  53  5:14  Marine  
  59  5:19  Marine x2  
  59  5:20  Marine x2  
  64  5:24  Supply Depot  
  64  5:28  Supply Depot  
  64  5:31  Marine  
  65  5:37  Marine x4  
  69  5:45  Medivac  
  69  5:49  Marine  
  72  5:53  Supply Depot  
  72  5:54  Supply Depot  
  72  5:55  Marine  
  67  6:19  Starport Reactor  
  64  7:03  Marine x5  
  69  7:15  Medivac x2  
  70  7:20  Marine  
  70  7:21  Marine x4  
  60  7:38  Marine  
  60  7:39  Marine x4  
  58  7:56  Marine x2  
  58  7:57  Marine x3  
  59  7:58  Siege Tank  
  59  8:00  Medivac x2  
  59  8:05  Command Center  
  63  8:06  SCV  
  63  8:08  SCV  
  65  8:14  Marine x5  
  65  8:18  SCV  
  71  8:20  SCV  
  71  8:31  SCV  
  71  8:32  SCV, Marine x4  
Tags
 
Add a new tag
Caveats
  • Supply blocks, unpowered buildings, or Contaminate may cause inaccurate times.
  • Supply counts are checked every 10 seconds.